Map: Ночной сумрак РВ

Players

Dan

  • Race: Terran Terran
  • League: Master
  • Spawn Location: 5:00

Bibizyan - Winner!

  • Race: Protoss Protoss
  • Spawn Location: 11:00

VOD

Have the link to the VOD?

Description

Time

  • Played on: April 18, 2020, 2:37 p.m.
  • Length: 15:06
Show
View Real Time Build Order
Export as new Build Order

Dan Terran 

Build Orders: Reaper Expand 

Get SALT Encoding   

  12  0:00  SCV  
  13  0:13  SCV  
  14  0:17  Supply Depot  
  14  0:25  SCV  
  15  0:38  SCV  
  15  0:41  Barracks  
  16  0:44  Refinery  
  16  0:51  SCV  
  18  1:04  SCV  
  18  1:16  SCV  
  19  1:28  Reaper  
  19  1:31  Orbital Command  
  20  1:48  Command Center  
  20  1:57  SCV, Supply Depot  
  20  2:00  Marine  
  22  2:11  Factory  
  23  2:15  SCV  
  23  2:24  Barracks Reactor  
  23  2:27  SCV  
  24  2:36  Bunker  
  24  2:37  Refinery  
  24  2:48  SCV  
  25  2:56  Widow Mine  
  25  2:57  Supply Depot  
  27  3:01  SCV  
  27  3:04  Marine x2  
  29  3:14  SCV  
  29  3:18  Starport  
  30  3:24  Marine x2, Widow Mine  
  30  3:26  SCV  
  35  3:33  Orbital Command  
  35  3:38  SCV  
  36  3:48  Marine x2  
  36  3:50  SCV, Factory Tech Lab  
  39  3:57  Medivac  
  39  3:59  Supply Depot  
  39  4:00  SCV  
  39  4:02  SCV  
  43  4:12  SCV, Supply Depot  
  43  4:13  Marine, Siege Tank  
  43  4:16  SCV  
  49  4:19  Marine  
  49  4:26  SCV  
  49  4:27  Starport Tech Lab  
  50  4:31  Marine  
  50  4:33  SCV  
  50  4:36  Supply Depot  
  53  4:38  SCV  
  53  4:39  Marine  
  54  4:46  Raven  
  54  4:51  Marine  
  54  4:52  SCV  
  58  4:59  Command Center  
  58  5:02  SCV  
  58  5:04  SCV  
  58  5:05  Refinery  
  60  5:08  Barracks x2  
  60  5:14  SCV  
  60  5:19  SCV, Marine  
  60  5:20  Marine  
  64  5:27  SCV  
  63  5:30  Factory Reactor  
  63  5:31  Supply Depot  
  63  5:33  Engineering Bay  
  61  5:37  Marine x2  
  61  5:41  SCV x2  
  65  5:46  Supply Depot  
  65  5:52  Medivac  
  65  5:53  SCV  
  68  5:58  Stimpack  
  68  5:59  Marauder  
  68  6:00  Terran Infantry Weapons Level 1  
  68  6:01  SCV  
  71  6:04  Combat Shield, Marine  
  71  6:06  Marine x2  
  71  6:10  SCV  
  75  6:12  Orbital Command  
  75  6:13  SCV  
  75  6:17  Factory Reactor  
  76  6:22  SCV  
  76  6:25  Marine  
  77  6:26  Marauder, Marine  
  77  6:27  Marauder  
  83  6:33  Medivac  
  83  6:34  Medivac  
  83  6:35  Barracks  
  83  6:37  Barracks  
  83  6:39  Orbital Command  
  87  6:47  SCV x2  
  87  6:52  Marine x2  
  87  6:53  Supply Depot, Missile Turret, Marauder x2  
  95  6:59  SCV x2  
  97  7:05  SCV  
  98  7:10  Marine x2, Widow Mine  
  98  7:12  SCV, Refinery  
  98  7:14  Marauder  
  105  7:16  Supply Depot  
  105  7:17  Supply Depot  
  105  7:18  Supply Depot  
  105  7:22  SCV x2  
  107  7:24  SCV, Barracks Reactor, Barracks Tech Lab  
  107  7:27  Missile Turret  
  108  7:30  Marine x2  
  108  7:33  Medivac  
  108  7:34  SCV x2, Medivac  
  116  7:38  Widow Mine x2  
  116  7:41  SCV  
  114  7:56  Marine x3  
  114  7:57  Marauder x2  
  115  7:59  Widow Mine  
  115  8:00  SCV x2  
  115  8:02  Terran Infantry Armor Level 1  
  115  8:03  Medivac  
  113  8:15  Marauder  
  115  8:20  Marine x2  
  115  8:21  Medivac, Marauder x2, Widow Mine x2  
  115  8:25  Command Center  
  115  8:26  Supply Depot, Refinery  
  127  8:30  Marine  
  127  8:31  Concussive Shells  
  128  8:36  Marauder  
  128  8:39  SCV x2  
  128  8:40  Supply Depot, Refinery  
  132  8:42  Marauder, Marine x3  
  132  8:43  Marauder  
  132  8:46  Medivac  
  139  8:49  Marine  
  139  8:51  Medivac  
  140  8:57  Marauder  
  142  9:03  Supply Depot, Marauder, Marine  
  145  9:10  SCV x2  
  145  9:11  SCV, Factory Reactor  
  145  9:13  Starport, Barracks x2  
  148  9:18  Marine x2  
  148  9:23  Viking x2  
  154  9:24  Marine x2  
  154  9:25  Marauder  
  158  9:32  Marine  
  158  9:33  Marauder  
  158  9:36  Marine  
  162  9:42  Engineering Bay  
  162  9:43  Armory  
  154  9:52  Marine x2  
  158  9:53  Viking, Medivac, Marauder x2  
  158  9:54  Viking, Marauder  
  168  10:04  Marine x2  
  168  10:05  Barracks Tech Lab x2  
  171  10:07  SCV x3  
  171  10:11  Missile Turret  
  175  10:14  Marauder  
  175  10:17  Marauder, Marine x3  
  180  10:22  Marine x2  
  169  10:32  Marine x2  
  169  10:35  Marauder x2  
  168  10:40  Marine x2  
  168  10:41  Marauder  
  168  10:42  Viking, Widow Mine x2  
  161  10:50  Marauder x2  
  164  10:57  Planetary Fortress  
  164  10:58  Terran Infantry Armor Level 2, Terran Infantry Weapons Level 2  
  164  11:02  Marine x3  
  164  11:03  Marauder x2  
  170  11:05  Widow Mine  
  170  11:11  Missile Turret  
  172  11:12  Terran Vehicle And Ship Armor Level 1, Missile Turret  
  172  11:15  Viking  
  172  11:16  Missile Turret  
  172  11:17  Marine  
  171  11:28  Ghost Academy, Marine x3  
  171  11:29  Supply Depot, Marauder x3  
  128  11:47  Marauder, Marine x4  
  128  11:48  Marauder  
  128  11:49  Medivac x3  
  128  11:50  Marauder, Marine  
  128  11:51  Marauder  
  114  12:05  SCV, Marine x4  
  120  12:08  Marauder, Marine  
  120  12:09  SCV, Marauder  
  120  12:11  Marine x2  
  125  12:19  SCV  
  125  12:20  SCV x2  
  125  12:22  Marine x2  
  128  12:25  Viking x2  
  134  12:31  SCV  
  134  12:33  Marine x2  
  134  12:34  Ghost  
  140  12:37  SCV x3  
  140  12:41  Ghost  
  140  12:43  SCV  
  145  12:44  Ghost  
  145  12:49  SCV x3  
  142  13:06  Marauder, Marine x2  
  142  13:07  Marauder x2  
  142  13:10  Marauder  
  152  13:13  SCV, Ghost, Marine x2  
  152  13:14  SCV x2  
  154  13:26  SCV  
  151  13:28  Marauder x2, Marine x3  
  151  13:29  Medivac x3  
  151  13:31  Marauder  
  151  13:33  SCV x3  
  169  13:38  SCV, Sensor Tower  
  169  13:39  Refinery x2  
  167  13:45  Marauder, Marine x2  
  167  13:46  Marauder  
  173  13:51  Marauder, Marine x3  
  173  13:53  Marauder  
  180  13:56  SCV x2  
  182  14:02  Sensor Tower  
  182  14:03  Marine  
  182  14:06  Marine x2  
  182  14:08  Marauder  
  182  14:09  Marauder, Marine  
  188  14:10  Liberator  
  172  14:35  Marine  
  172  14:36  Marauder  
  172  14:37  Marine x2  
  172  14:38  Marauder  
  129  14:39  SCV  
  129  14:42  Marine  
  129  14:43  Marauder x2, Marine  
  101  14:51  SCV  
Show
View Real Time Build Order
Export as new Build Order

Bibizyan Protoss - Winner!

Build Orders: 1 Gate Expand, Blink Stalkers 

Get SALT Encoding   

  12  0:00  Probe  
  13  0:12  Probe  
  14  0:17  Pylon  
  14  0:25  Probe (Chrono Boost)  
  15  0:37  Probe (Chrono Boost), Gateway  
  15  0:42  Probe (Chrono Boost)  
  16  0:46  Assimilator  
  17  0:53  Probe  
  18  1:05  Probe  
  19  1:17  Probe  
  20  1:26  Cybernetics Core  
  20  1:41  Nexus  
  20  1:42  Probe, Pylon  
  21  1:47  Assimilator  
  21  1:59  Probe  
  21  2:00  Adept (Chrono Boost)  
  22  2:06  Warp Gate  
  24  2:12  Probe  
  25  2:22  Stalker (Chrono Boost)  
  25  2:24  Probe  
  28  2:36  Probe  
  29  2:42  Stalker (Chrono Boost)  
  29  2:47  Twilight Council  
  31  2:51  Probe (Chrono Boost)  
  31  2:53  Probe (Chrono Boost)  
  32  3:03  Probe (Chrono Boost)  
  32  3:04  Probe (Chrono Boost)  
  34  3:08  Probe (Chrono Boost)  
  34  3:12  Probe  
  36  3:19  Gateway  
  36  3:20  Probe, Gateway  
  36  3:22  Robotics Facility  
  36  3:25  Probe  
  38  3:32  Probe, Assimilator  
  39  3:35  Pylon, Blink (Chrono Boost)  
  39  3:41  Probe  
  39  3:47  Pylon  
  41  3:48  Probe  
  41  3:54  Probe  
  42  4:00  Probe  
  42  4:01  Stalker  
  44  4:06  Probe  
  44  4:09  Observer (Chrono Boost)  
  46  4:12  Probe  
  47  4:19  Nexus  
  47  4:23  Probe  
  47  4:24  Pylon  
  48  4:29  Probe  
  48  4:30  Observer (Chrono Boost)  
  50  4:32  Assimilator  
  50  4:35  Probe, Sentry  
  53  4:41  Probe  
  53  4:45  Observer  
  54  4:47  Probe  
  56  4:53  Probe  
  56  4:54  Forge  
  56  4:55  Gateway  
  56  4:59  Probe  
  58  5:06  Observer  
  58  5:07  Probe (Chrono Boost)  
  60  5:11  Probe (Chrono Boost)  
  61  5:16  Robotics Bay  
  61  5:17  Pylon  
  57  5:22  Probe x2 (Chrono Boost)  
  57  5:25  Stalker x2  
  61  5:29  Probe (Chrono Boost)  
  61  5:37  Probe (Chrono Boost)  
  61  5:41  Probe x2 (Chrono Boost)  
  63  5:49  Protoss Ground Weapons Level 1  
  64  5:51  Probe (Chrono Boost)  
  64  5:54  Probe (Chrono Boost)  
  64  5:55  Probe (Chrono Boost)  
  66  5:59  Probe (Chrono Boost)  
  66  6:01  Probe, Colossus (Chrono Boost)  
  68  6:07  Probe  
  68  6:09  Probe  
  76  6:12  Pylon  
  76  6:13  Extended Thermal Lance  
  76  6:14  Probe  
  77  6:19  Probe  
  77  6:21  Probe  
  77  6:22  Charge  
  79  6:26  Probe  
  79  6:31  Probe  
  79  6:32  Pylon  
  81  6:34  Photon Cannon  
  81  6:35  Probe  
  81  6:37  Assimilator  
  81  6:39  Assimilator, Forge  
  82  6:41  Colossus (Chrono Boost)  
  82  6:46  Pylon  
  88  6:53  Zealot x2  
  88  6:54  Zealot  
  94  7:05  Gateway  
  94  7:06  Gateway  
  93  7:12  Probe x2  
  93  7:13  Stalker  
  93  7:14  Stalker x3  
  103  7:26  Colossus (Chrono Boost)  
  109  7:37  Stalker  
  109  7:38  Stalker x3  
  105  7:54  Protoss Ground Armor Level 1 (Chrono Boost)  
  93  8:05  Zealot x2  
  91  8:06  Zealot  
  91  8:07  Zealot x2  
  91  8:09  Colossus (Chrono Boost)  
  91  8:11  Nexus  
  91  8:12  Protoss Ground Weapons Level 2 (Chrono Boost)  
  101  8:16  Probe x3  
  101  8:19  Pylon  
  104  8:28  Probe x2  
  104  8:29  Stalker x2  
  104  8:30  Stalker x2  
  114  8:35  Pylon  
  114  8:42  Templar Archives  
  114  8:48  Nexus  
  114  8:49  Pylon  
  114  8:50  Probe x3  
  115  8:57  Zealot x2  
  115  8:58  Stalker  
  115  9:02  Probe  
  120  9:08  Warp Prism  
  122  9:14  Photon Cannon  
  122  9:19  Stalker, Psionic Storm  
  122  9:24  Pylon  
  124  9:25  Pylon  
  124  9:29  Nexus  
  124  9:31  Pylon  
  124  9:49  Observer  
  124  9:50  High Templar x2  
  124  9:51  High Templar x4  
  136  9:59  Protoss Ground Armor Level 2 (Chrono Boost)  
  134  10:00  Gateway  
  134  10:01  Gateway  
  134  10:09  Pylon  
  134  10:13  Gateway  
  134  10:15  Gateway  
  134  10:16  Probe  
  134  10:17  Probe x2, Gateway  
  131  10:25  Zealot x2  
  131  10:26  Zealot  
  129  10:28  Probe  
  129  10:31  Stalker x3  
  132  10:39  Colossus (Chrono Boost)  
  127  11:00  Stalker x6  
  127  11:01  Stalker  
  141  11:15  Pylon  
  141  11:16  Probe x2  
  143  11:21  Pylon  
  143  11:25  Warp Prism (Chrono Boost)  
  133  11:42  Archon  
  133  11:43  Archon x2  
  133  11:47  Stalker x9  
  117  11:48  Stalker  
  127  11:56  Probe x2  
  127  12:01  Disruptor (Chrono Boost)  
  125  12:07  Robotics Facility  
  115  12:11  Probe x4  
  117  12:23  Probe x3  
  117  12:27  Assimilator  
  117  12:28  Disruptor (Chrono Boost)  
  117  12:29  Assimilator  
  120  12:35  High Templar  
  125  12:37  Zealot  
  125  12:38  Zealot x2  
  131  12:53  Stalker x2  
  131  12:54  Stalker x3  
  135  13:07  Zealot x2  
  135  13:08  Zealot x3  
  139  13:26  Nexus  
  137  13:28  Pylon  
  137  13:30  High Templar  
  137  13:31  High Templar x3  
  145  13:44  Disruptor (Chrono Boost)  
  145  13:47  Pylon  
  148  13:49  Stalker, Pylon  
  148  13:50  Stalker x2  
  148  13:52  Pylon  
  148  13:53  Zealot x4  
  164  14:06  Warp Prism (Chrono Boost)  
  164  14:21  Archon x2  
  164  14:24  Stalker x7  
  127  14:48  Stalker x6  
  127  14:49  Stalker x2  
  131  14:53  Probe x4  
Tags
 
Add a new tag
Caveats
  • Supply blocks, unpowered buildings, or Contaminate may cause inaccurate times.
  • Supply counts are checked every 10 seconds.